[Event "Live Chess"]
[Site "Chess.com"]
[Date "2024.06.01"]
[Round "-"]
[White "WelshTiger"]
[Black "educatedlad"]
[Result "1-0"]
[WhiteElo "2531"]
[BlackElo "1741"]
[TimeControl "300"]
[EndTime "13:39:22 PDT"]
[Termination "WelshTiger won by resignation"]

1. e4 c5 2. Nf3 e6 3. c3 d5 4. exd5 exd5 5. d4 Nf6 6. Bb5+ Bd7 7.
Bxd7+ Qxd7 8. O-O Be7 9. dxc5 Bxc5 10. Re1+ Be7 11. Qe2 Nc6 12. Nd4 Nxd4 13. cxd4 Ne4 14. Nc3 Nxc3 15. bxc3 Rc8 16. Ba3 Rc7 17. Bxe7 Qxe7 18.
Qb5+ Kd8 19. Rxe7 1-0

[Event "Live Chess"]
[Site "Chess.com"]
[Date "2024.06.01"]
[Round "-"]
[White "upoe610"]
[Black "WeakOldFinished"]
[Result "1-0"]
[WhiteElo "2243"]
[BlackElo "2177"]
[TimeControl "300"]
[EndTime "13:39:30 PDT"]
[Termination "upoe610 won - game abandoned"]

1. c4 e5 2. g3 Nf6 3. Bg2 c6 4. Nf3 d6 5. Nc3 Be7 6. O-O O-O 7. e4 Nbd7 8. d4 Re8 9. dxe5 dxe5 10. Bg5 h6 11. Bxf6 Bxf6 12. Qc2 a5 13. Rad1 Qc7 14.
Ne1 Nc5 15. Nd3 Ne6 16. a3 Nd4 17. Qb1 Be6 18. b3 a4 19. Nc5 axb3 20. Nxe6 Rxe6 21. Rfe1 Rd6 22. Ne2 Nxe2+ 23. Rxe2 Rxa3 24. Red2 Rxd2 25. Rxd2 Ra1 26. Qxa1 Qb6 27. Rb2 Qb4 28. Qb1 Qxc4 29. Rxb3 1-0

[Event "Live Chess"]
[Site "Chess.com"]
[Date "2024.06.01"]
[Round "-"]
[White "Delacorta"]
[Black "Dhaydon19"]
[Result "0-1"]
[WhiteElo "1554"]
[BlackElo "2673"]
[TimeControl "300"]
[EndTime "13:39:59 PDT"]
[Termination "Dhaydon19 won by resignation"]

1. d4 c6 2. Nf3 d5 3. e3 Nf6 4. Nbd2 Bg4 5. Be2 e6 6. b3 Qc7 7. Bb2 Nbd7 8. O-O Bd6 9. Rc1 O-O 10. c4 a6 11. c5 Be7 12. Ne5 Bxe2 13. Qxe2 Nxe5 14. dxe5 Nd7 15. f4 Bxc5 16. Rf3 Be7 17. Rh3 g6 18. Nf3 f5 19. Nd4 Rfe8 20. Nxe6 Qb6 21.
Bd4 c5 22. Ba1 Qxe6 0-1

[Event "Live Chess"]
[Site "Chess.com"]
[Date "2024.06.01"]
[Round "-"]
[White "LL220284LL"]
[Black "Zhevzh1k7"]
[Result "1-0"]
[WhiteElo "2561"]
[BlackElo "1099"]
[TimeControl "300"]
[EndTime "13:40:20 PDT"]
[Termination "LL220284LL won by checkmate"]

1. b4 d5 2. Bb2 Bf5 3. Nf3 e6 4. e3 Nf6 5. a3 c6 6. c4 Nbd7 7.
Be2 Bd6 8. O-O O-O 9. Nc3 dxc4 10. Bxc4 b5 11. Be2 c5 12. bxc5 Nxc5 13. d4 Nce4 14. Nxb5 Rb8 15. Nxd6 Qxd6 16. Bc1 Nc3 17. Qe1 Nfe4 18. Ne5 Nxe2+ 19. Qxe2 Nc3 20. Qe1 Rfc8 21. Bd2 Nd5 22. e4 Qa6 23. exf5 exf5 24. Bb4 f6 25. Nd7 Rb7 26. Nc5 Qb5 27. Qe6+ Kh8 28. Qxc8+ Qe8 29. Qxe8# 1-0

[Event "Live Chess"]
[Site "Chess.com"]
[Date "2024.06.01"]
[Round "-"]
[White "jellhhggffhjjjjjj"]
[Black "Frankie_Badacsonyi"]
[Result "0-1"]
[WhiteElo "139"]
[BlackElo "2440"]
[TimeControl "300"]
[EndTime "13:40:31 PDT"]
[Termination "Frankie_Badacsonyi won by checkmate"]

1. g3 h5 2. Bg2 h4 3. Nf3 h3 4.
Bf1 d5 5. e3 Nc6 6. Bb5 Bg4 7.
O-O Qd6 8. d4 Qf6 9. Ne5 Bxd1 10. Nxc6 bxc6 11. Ba4 Qf3 12. Nc3 Qg2# 0-1

[Event "Live Chess"]
[Site "Chess.com"]
[Date "2024.06.01"]
[Round "-"]
[White "CCGoodKnightRookie"]
[Black "AlexanderMatlak"]
[Result "0-1"]
[WhiteElo "2252"]
[BlackElo "2466"]
[TimeControl "300"]
[EndTime "13:40:53 PDT"]
[Termination "AlexanderMatlak won by resignation"]

1. d4 Nf6 2. Nc3 d5 3. Bf4 g6 4. e3 Bg7 5. h4 h5 6. Nf3 O-O 7. Ne5 c5 8. Qd2 Nc6 9. f3 cxd4 10. exd4 Bf5 11. O-O-O Rc8 12. Bb5 Qa5 13. Bxc6 bxc6 14.
a3 c5 15. dxc5 Qxc5 16. Be3 Qc7 17. Bd4 Rfd8 18. Rdg1 Nd7 19. Nxd7 Qxd7 20. g4 e5 21. Bxa7 hxg4 22. Bb6 gxf3 23. Bxd8 Rxd8 24. h5 d4 25. Nd1 e4 26. hxg6 Bxg6 27. Qh2 e3 28. Rxg6 fxg6 29. Qh7+ Kf7 30. Rg1 Qf5 31. Qh4 Rc8 32. c3 e2 33.
Nf2 dxc3 34. b4 c2 35. Ne4 Qe5 36. Ng5+ Ke8 37. Qe4 Qxe4 38. Nxe4 Bh6+ 0-1

[Event "Live Chess"]
[Site "Chess.com"]
[Date "2024.06.01"]
[Round "-"]
[White "KeithArkell"]
[Black "Pablo_dmp"]
[Result "1-0"]
[WhiteElo "2454"]
[BlackElo "2012"]
[TimeControl "300"]
[EndTime "13:41:08 PDT"]
[Termination "KeithArkell won by resignation"]

1. d4 Nf6 2. Nf3 b6 3. c4 Bb7 4. g3 e6 5. Bg2 Bb4+ 6. Bd2 Qe7 7. O-O O-O 8. Nc3 a6 9. Ne5 Bxg2 10. Kxg2 Bd6 11.
e4 Bxe5 12. dxe5 Ne8 13. f4 Nc6 14. Be3 g6 15. Qe2 Qb4 16. Rfd1 d6 17. exd6 Nxd6 18. c5 bxc5 19. a3 Qc4 20. Qxc4 Nxc4 21. Bxc5 Rfd8 22.
b3 Nb6 23. Kf3 h6 24. Ke3 Nd7 25. Na4 Rab8 26. b4 a5 27. bxa5 Rb3+ 28. Ke2 Rb5 29. Bb4 Nxb4 30. axb4 Rxb4 31. Nc5 Rb2+ 32. Ke3 Rdb8 33.
Rxd7 R8b5 34. a6 Rxc5 35. a7 e5 36. a8=Q+ Kg7 37. fxe5 Rc3+ 38. Rd3 Rcc2 39. Re1 1-0

[Event "Live Chess"]
[Site "Chess.com"]
[Date "2024.06.01"]
[Round "-"]
[White "educatedlad"]
[Black "upoe610"]
[Result "0-1"]
[WhiteElo "1740"]
[BlackElo "2244"]
[TimeControl "300"]
[EndTime "13:41:10 PDT"]
[Termination "upoe610 won by resignation"]

1. d4 Nf6 2. Bg5 c5 3. Bxf6 gxf6 4. d5 d6 5. e4 f5 6. Bb5+ Nd7 7. exf5 Bg7 8. Qg4 Bxb2 9. Nf3 Qa5+ 10. Nbd2 Bxa1 11. Bxd7+ Bxd7 12. O-O Bf6 13. Nb3 Qb4 14. Qh5 0-1

[Event "Live Chess"]
[Site "Chess.com"]
[Date "2024.06.01"]
[Round "-"]
[White "Queensandpawns"]
[Black "gobbles19"]
[Result "1-0"]
[WhiteElo "2381"]
[BlackElo "2232"]
[TimeControl "300"]
[EndTime "13:41:27 PDT"]
[Termination "Queensandpawns won by resignation"]

1. e4 Nf6 2. e5 Nd5 3. c4 Nb6 4. a4 a5 5. Nc3 d6 6. exd6 cxd6 7. Nf3 g6 8. b3 Bg7 9. Bb2 O-O 10. d4 Nc6 11. Be2 e5 12. d5 Nb4 13. O-O f5 14. Nb5 f4 15. Bd3 Nxd3 16. Qxd3 Bf5 17. Qd2 Qe7 18.
Ba3 Rfd8 19. Rac1 e4 20. Nfd4 Bg4 21. h3 e3 22. fxe3 fxe3 23. Qd3 Bc8 24. Rce1 Bh6 25.
Bc1 Re8 26. Rf3 Nd7 27. Rfxe3 Bxe3+ 28. Rxe3 Ne5 29. Qe2 Rf8 30. Bb2 Bd7 31. Nc7 Rac8 32. Nde6 Bxe6 33. Nxe6 Rf5 34. g4 Rf7 35. Rxe5 dxe5 36.
Qxe5 Rf6 37. Qxf6 Qxf6 38. Bxf6 Kf7 39. Bc3 h5 40. gxh5 gxh5 41. Bxa5 Rg8+ 42. Kf2 h4 43. Bd2 Rg3 44. Be3 Rxh3 45. Ng5+ 1-0

[Event "Live Chess"]
[Site "Chess.com"]
[Date "2024.06.01"]
[Round "-"]
[White "bobby_jamesFischer86"]
[Black "degringolade64"]
[Result "0-1"]
[WhiteElo "1609"]
[BlackElo "2140"]
[TimeControl "300"]
[EndTime "13:41:28 PDT"]
[Termination "degringolade64 won by resignation"]

1. d4 Nf6 2. c4 e6 3. Nc3 Bb4 4.
Bd2 O-O 5. a3 Bxc3 6. Bxc3 Ne4 7.
Qc2 d5 8. cxd5 exd5 9. Nf3 Re8 10. e3 Bf5 11. Bd3 g5 12. O-O g4 13. Nd2 Qg5 14.
Nxe4 Bxe4 15. Bxe4 Rxe4 16. Qb3 b6 17. Rac1 Nd7 18. Bd2 c5 19. f4 gxf3 20. Rxf3 cxd4 21. Rg3 Rg4 22. exd4 Rxg3 23. hxg3 Qxd2 24. Rf1 Qxd4+ 25. Kh1 Re8 26. Qf3 Ne5 27. Re1 Nxf3 0-1

[Event "Live Chess"]
[Site "Chess.com"]
[Date "2024.06.01"]
[Round "-"]
[White "Bradfield133"]
[Black "ShanthamGrarks"]
[Result "0-1"]
[WhiteElo "1892"]
[BlackElo "1860"]
[TimeControl "300"]
[EndTime "13:41:37 PDT"]
[Termination "ShanthamGrarks won on time"]

1. c4 c6 2. Qa4 Nf6 3. g3 g6 4.
Bg2 Bg7 5. Nf3 O-O 6. O-O d6 7.
d3 Nbd7 8. Nbd2 Nc5 9. Qc2 e5 10. Rb1 a5 11. b3 Na6 12. a3 Be6 13. b4 axb4 14. axb4 Nc7 15. e4 b5 16. cxb5 cxb5 17.
d4 exd4 18. Nxd4 Qd7 19. Nxe6 fxe6 20. e5 Nfd5 21. exd6 Qxd6 22. Ne4 Qe7 23. Bg5 Qd7 24. Rfd1 h6 25. Nc5 Qd6 26. Bd2 Bd4 27. Be1 Bxc5 28. bxc5 Qc6 29. Rbc1 Kh7 30. Be4 Rg8 31. h4 h5 32. Qe2 Kg7 33. Bg2 Ra3 34. Qe5+ Kh7 35.
Qd6 Qe8 36. c6 Rg7 37. Rc2 b4 38. Re2 b3 39. Rxd5 Nxd5 40. Qxd5 exd5 41. Rxe8 Ra1 0-1

[Event "Live Chess"]
[Site "Chess.com"]
[Date "2024.06.01"]
[Round "-"]
[White "alicechristina"]
[Black "blunderabit"]
[Result "1-0"]
[WhiteElo "1985"]
[BlackElo "1778"]
[TimeControl "300"]
[EndTime "13:41:37 PDT"]
[Termination "alicechristina won on time"]

1. c4 Nf6 2. Nc3 e6 3. e4 c5 4.
e5 Ng8 5. Nf3 Nc6 6. d4 cxd4 7.
Nxd4 Nxe5 8. Bf4 Ng6 9. Bg3 a6 10. Bd3 Nf6 11. h4 d6 12. h5 Ne5 13. Bc2 Bd7 14. b3 Qa5 15. Qd2 h6 16. O-O Nxh5 17. Bxe5 dxe5 18. Nf3 Bb4 19. Rad1 O-O-O 20. a3 Bxc3 21. Qd6 Rhe8 22. b4 Qc7 23. Qxc7+ Kxc7 24. Rd3 Bd4 25. Nxd4 exd4 26. Rxd4 Bc6 27. Rg4 g5 28. Rb1 f5 29. b5 axb5 30. cxb5 Bd5 31. Ra4 Ra8 32. b6+ Kd7 33. Rab4 Rec8 34. Bd1 Nf4 35.
g3 Nd3 36. Rd4 Ne5 37. f4 gxf4 38. gxf4 Rg8+ 39. Kf2 Ng4+ 40. Ke1 Rxa3 41. Ba4+ Ke7 42. Rc1 Re3+ 43. Kd2 Rb8 44. Bd1 Re4 45. Rxe4 Bxe4 46. Rc7+ Kf6 47. Rh7 Rd8+ 48. Ke2 Kg6 49. Rxh6+ 1-0

[Event "Live Chess"]
[Site "Chess.com"]
[Date "2024.06.01"]
[Round "-"]
[White "Silverback7829"]
[Black "IanCalvert2"]
[Result "0-1"]
[WhiteElo "971"]
[BlackElo "1568"]
[TimeControl "300"]
[EndTime "13:41:40 PDT"]
[Termination "IanCalvert2 won by checkmate"]

1. d4 d5 2. Nf3 Nf6 3. Nc3 c5 4. Be3 Nc6 5. dxc5 e5 6. Qd2 d4 7.
Bg5 dxc3 8. bxc3 Qxd2+ 9. Nxd2 Bf5 10. Rc1 Be7 11. Bxf6 Bxf6 12. g3 O-O-O 13. Nf3 e4 14. Nh4 Bxc3# 0-1

[Event "Live Chess"]
[Site "Chess.com"]
[Date "2024.06.01"]
[Round "-"]
[White "Mangoalo"]
[Black "GwaryTek"]
[Result "0-1"]
[WhiteElo "1042"]
[BlackElo "1928"]
[TimeControl "300"]
[EndTime "13:42:02 PDT"]
[Termination "GwaryTek won by resignation"]

1. e4 Nf6 2. Nf3 Nxe4 3. Qe2 Nf6 4. Nc3 d5 5. d4 Bg4 6. Bg5 e6 7. h3 Bh5 8. O-O-O Be7 9. g4 Bg6 10. Bg2 Nc6 11. Ne5 Nxe5 12. dxe5 Nd7 13. Bxe7 Qxe7 14. Bxd5 O-O-O 15. Bxb7+ Kxb7 16. Qb5+ Nb6 17. Na4 Be4 18.
Nxb6 axb6 19. Rxd8 Rxd8 20. Rd1 Qg5+ 0-1

[Event "Live Chess"]
[Site "Chess.com"]
[Date "2024.06.01"]
[Round "-"]
[White "Stanbad1"]
[Black "jimwad"]
[Result "1-0"]
[WhiteElo "2652"]
[BlackElo "1287"]
[TimeControl "300"]
[EndTime "13:42:04 PDT"]
[Termination "Stanbad1 won by checkmate"]

1. e4 e5 2. Nf3 Nc6 3. Bc4 Bc5 4.
O-O Nf6 5. d3 h6 6. Nc3 O-O 7.
Be3 Bxe3 8. fxe3 d6 9. d4 exd4 10. exd4 Bg4 11. Be2 a5 12. d5 Ne5 13. Nxe5 Bxe2 14.
Nxf7 Rxf7 15. Qxe2 b6 16. e5 dxe5 17. Qxe5 Rd7 18.
Rad1 Re7 19. Qg3 Ne4 20. Nxe4 Rxe4 21. d6 cxd6 22. Rxd6 Qc7 23. Rfd1 Qxc2 24. h3 Rae8 25. Kh2 Qxb2 26. Rxh6 Qe2 27. Rd7 R4e7 28. Rxe7 Rxe7 29.
Rxb6 Qxa2 30. Rb8+ Kf7 31. Qf3+ Kg6 32. Qg4+ Kf7 33.
Qf5# 1-0

[Event "Live Chess"]
[Site "Chess.com"]
[Date "2024.06.01"]
[Round "-"]
[White "GEMdzq"]
[Black "bonantagulo"]
[Result "1/2-1/2"]
[WhiteElo "2298"]
[BlackElo "2072"]
[TimeControl "300"]
[EndTime "13:42:09 PDT"]
[Termination "Game drawn by repetition"]

1. e4 c5 2. d4 cxd4 3. c3 Nf6 4. e5 Nd5 5. Qxd4 e6 6. Bd3 Nc6 7. Qe4 f5 8. exf6 Nxf6 9. Qh4 Be7 10. Nf3 O-O 11.
Bg5 h6 12. Bxf6 Bxf6 13. Qe4 d5 14. Qh7+ Kf7 15. O-O e5 16. c4 e4 17. cxd5 exd3 18.
dxc6 bxc6 19. Nc3 Bg4 20. Qe4 Qd7 21. Rfe1 Rfe8 22. Qf4 Kg8 23. h3 Bxf3 24. Qxf3 d2 25. Red1 Rad8 26. Ne4 Bxb2 27. Rxd2 Bxa1 28. Rxd7 Rxd7 29.
Qg4 Rde7 30. Ng3 Re1+ 31. Kh2 Be5 32. Qc4+ Kh8 33. Qxc6 Bxg3+ 34. Kxg3 R1e2 35. a4 R8e6 36. Qc8+ Kh7 37. Qc5 a6 38. h4 Rg6+ 39. Kh2 Rf6 40. f3 Rxf3 41. Qc4 Rff2 42. Qd3+ Kh8 43. Qd8+ Kh7 44. Qd3+ Kg8 45. Qc4+ Kh8 46. Qxa6 Rxg2+ 47. Kh1 Rh2+ 48. Kg1 Reg2+ 49. Kf1 Ra2 50. Qc8+ Kh7 51. Qf5+ Kg8 52. Qe6+ Kf8 53. Qf5+ Ke7 54. Qe5+ Kd8 55. Qd6+ Kc8 56. Qc6+ Kd8 57. Qd6+ Ke8 58. Qe6+ Kf8 59. Qf5+ Ke7 60. Qe5+ Kf7 61. Qf5+ Ke7 1/2-1/2

[Event "Live Chess"]
[Site "Chess.com"]
[Date "2024.06.01"]
[Round "-"]
[White "WorcesterYork"]
[Black "koekoekoe"]
[Result "1-0"]
[WhiteElo "2501"]
[BlackElo "2026"]
[TimeControl "300"]
[EndTime "13:42:33 PDT"]
[Termination "WorcesterYork won by resignation"]

1. d4 d5 2. c4 c6 3. Nf3 Nf6 4. Nc3 Bf5 5. cxd5 Nxd5 6. Nd2 e6 7. e4 Nxc3 8. bxc3 Bg6 9. Qb3 Qb6 10. Bd3 Nd7 11. Nc4 Qxb3 12. axb3 a6 13. f4 f6 14. Be3 b5 15. Nd2 e5 16. f5 Bf7 17.
Ke2 exd4 18. cxd4 c5 19. Bxb5 cxd4 20. Bxd4 Bb4 21. Rxa6 Rxa6 22. Bxa6 Bxd2 23. Kxd2 Bxb3 24. Rb1 Ba4 25. Rb4 Bc6 26. Rc4 Nb8 27. Ba7 Ba8 28.
Bxb8 Kd7 29. Bf4 Re8 30. Bb5+ 1-0

[Event "Live Chess"]
[Site "Chess.com"]
[Date "2024.06.01"]
[Round "-"]
[White "Ferrarifan27"]
[Black "StoreySniper"]
[Result "0-1"]
[WhiteElo "2061"]
[BlackElo "2535"]
[TimeControl "300"]
[EndTime "13:42:51 PDT"]
[Termination "StoreySniper won by resignation"]

1. e4 g6 2. d4 Bg7 3. Nf3 c5 4. dxc5 Qa5+ 5. Bd2 Qxc5 6. Bc3 Nf6 7.
Bd3 Nc6 8. O-O d6 9. Nbd2 O-O 10.
Nb3 Qb6 11. Re1 Ng4 12. Qe2 Bxc3 13. bxc3 e5 14. h3 Nf6 15. Rab1 Qc7 16. Red1 Nh5 17. Bc4 Nf4 18. Qe3 Be6 19. Bxe6 fxe6 20. Ng5 Qe7 21.
h4 h6 22. Nf3 g5 23. hxg5 hxg5 24. Kf1 Rf7 25. g3 Nh3 26. Rd2 Raf8 27. Kg2 g4 28. Nh4 Rxf2+ 29. Rxf2 Rxf2+ 30. Qxf2 Nxf2 31. Kxf2 d5 32.
Re1 d4 33. cxd4 exd4 34. e5 Qb4 35. Re4 Qc3 36. Rxg4+ Kf7 37. Rf4+ Ke8 38. Re4 Qxc2+ 39. Re2 Qb1 40. Rd2 d3 41. Nf3 Nb4 42. Nc5 Ke7 43.
Nxb7 Nxa2 44. Nc5 Nb4 45. Ne1 Qc1 46. Nb3 Qc4 47. Rb2 a5 48. Ke3 Nd5+ 49. Kd2 Qc3+ 50.
Kd1 Qxb2 0-1

[Event "Live Chess"]
[Site "Chess.com"]
[Date "2024.06.01"]
[Round "-"]
[White "chessfiction"]
[Black "dhairyapandyauk"]
[Result "1-0"]
[WhiteElo "2372"]
[BlackElo "1687"]
[TimeControl "300"]
[EndTime "13:43:00 PDT"]
[Termination "chessfiction won by checkmate"]

1. d4 Nf6 2. Nf3 d5 3. Bf4 Bf5 4. e3 Nbd7 5. Be2 e6 6. O-O c5 7.
c3 Be7 8. Nbd2 O-O 9. Ne5 Nxe5 10. dxe5 Nd7 11. Nf3 Qb6 12. b3 Rfd8 13. Rc1 Rac8 14. Qd2 Nf8 15. Rfd1 Ng6 16. Bg3 a5 17. Qe1 Qc6 18. c4 a4 19. cxd5 exd5 20. Nd4 Qd7 21. Bb5 Qc7 22. Nxf5 axb3 23. axb3 Bg5 24. f4 Be7 25.
Nxe7+ Nxe7 26. Qf2 Nf5 27. Bd3 Qd7 28. e4 Nd4 29. exd5 Qxd5 30. h3 Qxb3 31. f5 c4 32.
Be4 c3 33. f6 c2 34. Rxd4 Rxd4 35. Qxd4 Qxg3 36. Rxc2 Re8 37. Rf2 Qxe5 38. Qxe5 Rxe5 39. Bxb7 gxf6 40. Rxf6 Kg7 41. Rf3 Kg6 42. Kf2 f5 43. Bc8 Kg5 44. Kg3 h5 45. h4+ Kg6 46. Bd7 Rd5 47.
Be8+ Kf6 48. Bxh5 Rd4 49. Kh3 Ke5 50. Bg6 f4 51. Kg4 Rd2 52. Kh3 Re2 53. h5 Rd2 54. h6 Rd8 55. h7 Rh8 56. Kg4 Kf6 57. Bb1 Kg7 58. Rxf4 Kh6 59. Rf6+ Kg7 60. Ra6 Kf7 61. Ra7+ Kf6 62. g3 Ke6 63. Bg6 Kf6 64. Kh5 Ke6 65. g4 Kf6 66. g5+ Ke6 67. Bc2 Ke5 68. g6 Kf6 69. g7 Rxh7+ 70. Bxh7 Ke6 71. g8=Q+ Ke5 72. Qg5+ Ke6 73. Ra6+ Kd7 74. Qg7+ Kc8 75. Ra8# 1-0

[Event "Live Chess"]
[Site "Chess.com"]
[Date "2024.06.01"]
[Round "-"]
[White "Tushinskiy"]
[Black "wadsy27"]
[Result "0-1"]
[WhiteElo "2263"]
[BlackElo "2542"]
[TimeControl "300"]
[EndTime "13:43:06 PDT"]
[Termination "wadsy27 won by resignation"]

1. d4 Nf6 2. c3 c5 3. Nf3 cxd4 4. cxd4 d5 5. Nc3 Nc6 6. Bf4 a6 7. e3 Bg4 8. Be2 e6 9. O-O Be7 10. Rc1 O-O 11. a3 Rc8 12. Na4 Re8 13. Nc5 Bxc5 14. Rxc5 Ne4 15. Rc1 Nd6 16. Ne5 Bxe2 17. Qxe2 Nxe5 18.
Bxe5 Nc4 19. Bg3 b5 20. h3 Qd7 21. Rc2 Rc6 22. Rfc1 Rec8 23. Kh2 a5 24. h4 h6 25. Kg1 a4 26. Kh2 Qb7 27. e4 Na5 28. exd5 Rxc2 29. Rxc2 Rxc2 30. Qxc2 Qxd5 31. Qc8+ Kh7 32. Qc7 Nc6 33.
Qxf7 Nxd4 34. Qc7 Nf5 35. Be5 Qe4 36. g3 Qe2 37. Kg2 Ne3+ 0-1

[Event "Live Chess"]
[Site "Chess.com"]
[Date "2024.06.01"]
[Round "-"]
[White "FMOlexandrProhorov"]
[Black "RichardABates"]
[Result "1-0"]
[WhiteElo "2347"]
[BlackElo "2218"]
[TimeControl "300"]
[EndTime "13:43:07 PDT"]
[Termination "FMOlexandrProhorov won by checkmate"]

1. d4 Nf6 2. c4 e6 3. Nc3 Bb4 4. f3 c5 5. d5 d6 6. e4 O-O 7.
Bd3 b5 8. Ne2 exd5 9. exd5 Nbd7 10. O-O Ne5 11. cxb5 a6 12. Bg5 h6 13. Bxf6 Qxf6 14.
Ne4 Qd8 15. a3 Ba5 16. bxa6 f5 17. N4c3 Nxd3 18. Qxd3 Bxa6 19. Qc2 Qf6 20. Rfe1 Rfe8 21. Ng3 g6 22. Rad1 h5 23. h3 h4 24. Nh1 Re5 25.
Nf2 Rae8 26. Rxe5 Qxe5 27. Qa4 Bxc3 28. bxc3 Bb7 29. Qb3 Qg3 30. Qxb7 Re2 31. Rf1 Qe5 32. a4 Re1 33. Qb8+ Kh7 34. Qb2 Re2 35. Qb7+ Kh6 36. Qb5 g5 37. a5 Qe3 38. a6 Ra2 39. Qb7 c4 40. Qc6 g4 41. Qxc4 Rxf2 42. Rxf2 g3 43.
Qxh4+ Kg6 44. Qxg3+ Kh5 45. Kh2 f4 46. Qg4+ Kh6 47. Rb2 Qc1 48. Rb8 Kh7 49. Qf5+ Kh6 50. Rh8+ Kg7 51. Rh7+ Kg8 52. Qf7# 1-0

[Event "Live Chess"]
[Site "Chess.com"]
[Date "2024.06.01"]
[Round "-"]
[White "IanCalvert2"]
[Black "alicechristina"]
[Result "1-0"]
[WhiteElo "1600"]
[BlackElo "1934"]
[TimeControl "300"]
[EndTime "13:43:22 PDT"]
[Termination "IanCalvert2 won by resignation"]

1. b3 d5 2. Bb2 e6 3. Nf3 Nf6 4. e3 Be7 5. d4 O-O 6. Bd3 Nbd7 7. Nbd2 c5 8. O-O b6 9. Ne5 Nxe5 10. dxe5 Nd7 11.
f4 Bb7 12. Qh5 g6 13. Qh6 Rc8 14. Rf3 c4 15. Rh3 1-0

[Event "Live Chess"]
[Site "Chess.com"]
[Date "2024.06.01"]
[Round "-"]
[White "MaksymYurii"]
[Black "stevochess11"]
[Result "0-1"]
[WhiteElo "947"]
[BlackElo "1703"]
[TimeControl "300"]
[EndTime "13:43:30 PDT"]
[Termination "stevochess11 won on time"]

1. e4 c5 2. Nf3 g6 3. Bc4 Nc6 4. O-O Bg7 5. d4 cxd4 6. Ng5 e6 7. Nf3 Nge7 8. Bb5 O-O 9. Bxc6 Nxc6 10. c3 dxc3 11.
Nxc3 b6 12. Nb5 d5 13. exd5 Qxd5 14. Qxd5 exd5 15. Bf4 Ba6 16. a4 Bxb2 17. Rab1 Bg7 18. Rfd1 Rac8 19. Nd6 Rcd8 20. Rxd5 Bc4 21. Rdd1 Ba2 22.
Rbc1 Nb4 23. Rc7 Bb3 24. Rxa7 Bxd1 25. Ng5 Bb3 26. g3 h6 27. Ngxf7 Bxf7 28. Nxf7 Rxf7 29.
Rxf7 Kxf7 30. h4 Rd1+ 31. Kg2 Nd3 32. Bb8 Rd2 33. Kh3 Nxf2+ 34. Kg2 h5 35. Ba7 Ne4+ 36. Kf3 Nc5 0-1

[Event "Live Chess"]
[Site "Chess.com"]
[Date "2024.06.01"]
[Round "-"]
[White "nitrofish07"]
[Black "Hoogleboogle"]
[Result "1-0"]
[WhiteElo "2095"]
[BlackElo "1419"]
[TimeControl "300"]
[EndTime "13:43:39 PDT"]
[Termination "nitrofish07 won by checkmate"]

1. e4 c6 2. d4 d5 3. e5 Bf5 4. h4 e6 5. g4 Be4 6. f3 Bxc2 7. Qxc2 Bb4+ 8. Bd2 Bxd2+ 9. Nxd2 Qb6 10. Ne2 Ne7 11. h5 h6 12. a4 a5 13. Nb3 Na6 14. Nc5 Nxc5 15. dxc5 Qb4+ 16. Qc3 Qxc3+ 17. bxc3 O-O 18. Nd4 Rab8 19. Rb1 f6 20. Nxe6 Rf7 21. Bd3 fxe5 22. O-O Rf6 23. Nc7 Rc8 24. Rxb7 e4 25.
fxe4 dxe4 26. Bxe4 Rxf1+ 27. Kxf1 Rf8+ 28. Kg2 Rf4 29. Ne6 Rxe4 30. Rxe7 Rxa4 31. Rxg7+ Kh8 32. Ra7 Rxg4+ 33.
Kh3 Rc4 34. Nc7 Rxc5 35. Ne8 Rxc3+ 36. Kg4 Rc4+ 37. Kf5 Rc5+ 38. Kg6 Kg8 39. Nf6+ Kf8 40. Rf7# 1-0

[Event "Live Chess"]
[Site "Chess.com"]
[Date "2024.06.01"]
[Round "-"]
[White "blunderabit"]
[Black "Mangoalo"]
[Result "1-0"]
[WhiteElo "1778"]
[BlackElo "1042"]
[TimeControl "300"]
[EndTime "13:43:51 PDT"]
[Termination "blunderabit won by resignation"]

1. e4 c6 2. d4 d5 3. e5 Bf5 4. Nd2 Nd7 5. Nb3 e6 6. Be3 Bb4+ 7. c3 Ba5 8. Nxa5 b5 9. Nxc6 Qc7 10. Nb4 a5 11.
Nd3 Bxd3 12. Bxd3 Qc4 13. Bxc4 bxc4 1-0

[Event "Live Chess"]
[Site "Chess.com"]
[Date "2024.06.01"]
[Round "-"]
[White "oscalik"]
[Black "BostonStrangler"]
[Result "1-0"]
[WhiteElo "2344"]
[BlackElo "2137"]
[TimeControl "300"]
[EndTime "13:43:58 PDT"]
[Termination "oscalik won on time"]

1. e4 c5 2. Nf3 g6 3. d4 cxd4 4.
Nxd4 Nc6 5. Nc3 Bg7 6. Be3 Nf6 7. f3 O-O 8. Nb3 a5 9. a4 d5 10. exd5 Nb4 11. Bc4 Bf5 12. Nd4 Rc8 13. Nxf5 Rxc4 14.
Nxg7 Kxg7 15. Qd2 Re8 16. Rd1 Qd7 17. O-O Qf5 18. Rf2 Rd8 19. b3 Rcc8 20. Bd4 Kg8 21.
Bxf6 Qxf6 22. Ne4 Qe5 23. c4 e6 24. Nc3 exd5 25. Nxd5 Nxd5 26. cxd5 Rc5 27. d6 Rc6 28. d7 Rc7 29. Re1 Rcxd7 30. Rxe5 Rxd2 31. Rxd2 Rxd2 32. Rxa5 b6 33. Rb5 Rd6 34. Kf2 Kf8 35. Ke3 Ke7 36. b4 Kd7 37. Ke4 Kc6 38. g4 Re6+ 39.
Kf4 Rf6+ 40. Ke4 Re6+ 41. Re5 Rd6 42. g5 f6 43. b5+ Kd7 44. Rd5 fxg5 45. h3 1-0

[Event "Live Chess"]
[Site "Chess.com"]
[Date "2024.06.01"]
[Round "-"]
[White "matt1979"]
[Black "Brooms1989"]
[Result "0-1"]
[WhiteElo "1355"]
[BlackElo "1122"]
[TimeControl "300"]
[EndTime "13:44:01 PDT"]
[Termination "Brooms1989 won by checkmate"]

1. f4 Nf6 2. Nf3 g6 3. d3 Bg7 4. e4 d6 5. Be2 O-O 6. O-O Nc6 7. Qe1 e5 8. f5 Nd4 9. Nxd4 exd4 10. Qh4 c5 11. Bg5 b5 12. Rf3 Bb7 13. Rh3 h5 14. g4 c4 15. gxh5 cxd3 16. hxg6 dxe2 17. Bxf6 e1=Q+ 18. Qxe1 Qxf6 19. Rh7 Qg5+ 20. Kh1 Qf4 21. Nd2 fxg6 22. fxg6 Rae8 23. Qe2 Bxe4+ 24. Nxe4 Qxe4+ 25. Qxe4 Rxe4 26. Rg1 Re6 27. h4 Rf2 28. h5 Re4 29. Rg5 Re1+ 30. Rg1 Ree2 31. Rh8+ Bxh8 32. g7 Rh2# 0-1

[Event "Live Chess"]
[Site "Chess.com"]
[Date "2024.06.01"]
[Round "-"]
[White "AndrewBak1"]
[Black "MagnersCarlsberg2870"]
[Result "1-0"]
[WhiteElo "1850"]
[BlackElo "1806"]
[TimeControl "300"]
[EndTime "13:44:10 PDT"]
[Termination "AndrewBak1 won by resignation"]

1. e4 d6 2. Nc3 Nf6 3. f4 c6 4.
Nf3 Bg4 5. a4 g6 6. Bc4 Bg7 7. O-O O-O 8. h3 Bxf3 9. Qxf3 e5 10. f5 a6 11. d3 Nbd7 12. Bg5 h6 13. Be3 b5 14. axb5 axb5 15. Bb3 g5 16. h4 g4 17.
Qe2 d5 18. exd5 Nxd5 19. Nxd5 cxd5 20. Bxd5 Rxa1 21. Rxa1 Qxh4 22. Bc6 Nb8 23. Bxb5 g3 24. c3 Qh2+ 25. Kf1 Bf6 26. Qg4+ Kh7 27. Qh3 Rg8 28. Bg1 Qxh3 29. gxh3 g2+ 30. Kf2 Bg5 31. Ra7 Bh4+ 32.
Kf3 Rg3+ 33. Ke4 Kg7 34. Bc4 Bg5 35. Rxf7+ Kh8 36. Kxe5 Re3+ 37. Kd6 Re1 38. Bd4+ Kg8 39. Re7+ Kf8 40. Rxe1 1-0

[Event "Live Chess"]
[Site "Chess.com"]
[Date "2024.06.01"]
[Round "-"]
[White "missedJariChance"]
[Black "crais6"]
[Result "0-1"]
[WhiteElo "1342"]
[BlackElo "1621"]
[TimeControl "300"]
[EndTime "13:44:16 PDT"]
[Termination "crais6 won by checkmate"]

1. b3 e5 2. Bb2 Nc6 3. e3 d5 4. Nf3 Bg4 5. Be2 Bxf3 6. Bxf3 Nf6 7. d3 Bb4+ 8. Nd2 O-O 9. O-O Re8 10. a3 Bd6 11. Re1 e4 12. dxe4 dxe4 13. Be2 Qe7 14. c4 Rad8 15. Qc2 a5 16. Rad1 Bxa3 17. Bxf6 Qxf6 18.
Nxe4 Qg6 19. Bd3 Qh5 20. Ng3 Qh6 21. Nf5 Qf6 22. e4 Ne5 23. Be2 Bb4 24. Rxd8 Rxd8 25.
Rd1 Rxd1+ 26. Bxd1 g6 27. Nh6+ Kg7 28. Ng4 Nxg4 29. Bxg4 Bc5 30. h3 Qe5 31. Bf3 h5 32.
Qa2 b6 33. Qc2 Qf4 34. Qe2 Qe5 35. Qc2 Qa1+ 36. Kh2 Bd6+ 37. g3 h4 38. Kg2 hxg3 39. fxg3 Bc5 40. h4 Qg1+ 41. Kh3 Bd6 42. Qh2 Qf1+ 43.
Qg2 Qa1 44. Qc2 Qd4 45. Bg4 Qe3 46. Qg2 Qxb3 47. Qe2 Qxg3# 0-1